 Dungeon Crawl Stone Soup version 0.31-a0-743-g45f7035092 (webtiles) character file.

Game seed: 1408507476673659285

1236 pokeman the Thaumaturge (level 8, -5/44 HPs)
             Began as a Deep Elf Hedge Wizard on Sept 12, 2023.
             Slain by an ogre
             ... wielding a +0 giant club
              (27 damage)
             ... on level 5 of the Dungeon.
             The game lasted 00:10:27 (5315 turns).

pokeman the Thaumaturge (Deep Elf Hedge Wizard)     Turns: 5315, Time: 00:10:28

Health: -5/44      AC:  5    Str:  7    XL:     8   Next: 24%
Magic:  2/32       EV: 13    Int: 28    God:
Gold:   328        SH:  0    Dex: 14    Spells: 13/25 levels left

rFire   . . .        x - +2 short sword (flame)
rCold   . . .        (no shield)
rNeg    . . .        b - +0 robe
rPois   .            o - +0 helmet
rElec   .            j - +0 cloak
rCorr   .            a - +0 pair of gloves
SInv    .            (no boots)
Will    .....        t - amulet of the acrobat
Stlth   +++          r - ring of magical power
HPRegen 0.27/turn    q - +6 ring of intelligence
MPRegen 0.23/turn

%: acrobat
@: very slightly contaminated
A: no striking features
a: no special abilities


You were on level 5 of the Dungeon.
You visited 1 branch of the dungeon, and saw 6 of its levels.

You collected 328 gold pieces.

Inventory:

Hand Weapons
 x - a +2 short sword of flaming (weapon)
Missiles
 u - a throwing net
Armour
 a - a +0 pair of gloves (worn)
 b - a +0 robe (worn)
 j - a +0 cloak (worn)
 o - a +0 helmet (worn)
 z - a +0 buckler
 B - a scarf of shadows
Jewellery
 k - an amulet of faith
 q - a +6 ring of intelligence (right hand)
 r - a ring of magical power (left hand)
 t - an amulet of the acrobat (around neck)
 G - a ring of protection from cold
Wands
 v - a wand of digging (3)
 w - a wand of paralysis (6)
 C - a wand of flame (21)
Scrolls
 c - 2 scrolls of amnesia {unknown}
 f - a scroll of teleportation {unknown}
 i - a scroll of noise {unknown}
 m - 5 scrolls of identify {unknown}
 n - a scroll of poison {unknown}
 y - a scroll of revelation {unknown}
 E - a scroll of torment {unknown}
 F - a scroll of enchant armour {unknown}
Potions
 d - a potion of magic
 e - 3 potions of lignification {unknown}
 g - 4 potions of curing {unknown}
 h - a potion of heal wounds {unknown}
 l - a potion of mutation {unknown}
 p - a potion of attraction {unknown}
 s - 2 potions of haste {unknown}
 A - a potion of enlightenment {unknown}
 D - a potion of brilliance {unknown}


   Skills:
 - Level 2.0 Fighting
 + Level 1.3 Armour
 - Level 4.1 Dodging
 - Level 4.0 Stealth
 - Level 1.0 Shields
 * Level 9.2 Spellcasting
 + Level 4.7 Conjurations
 - Level 1.1 Summonings
 - Level 1.1 Translocations
 + Level 2.5 Fire Magic
 - Level 1.0 Air Magic
 - Level 1.0 Poison Magic
 - Level 1.0 Evocations


You had 13 spell levels left.
You knew the following spells:

 Your Spells              Type           Power      Damage    Failure   Level
a - Magic Dart            Conj           100%       1d8       1%          1
b - Mephitic Cloud        Conj/Pois/Air  25%        N/A       4%          3
c - Call Imp              Summ           38%        N/A       4%          2
d - Blink                 Tloc           38%        N/A       4%          2
e - Flame Wave            Conj/Fire      33%        2d10      10%         4

Your spell library contained the following spells:

 Spells                   Type           Power      Damage    Failure   Level
 Slow                     Hex            48%        N/A       4%          1
 Cigotuvi's Dreadful Rot  Necr/Pois/Air  32%        N/A       4%          2
 Lesser Beckoning         Tloc           38%        N/A       4%          2
 Inner Flame              Hex/Fire       20%        N/A       8%          3
 Gell's Gravitas          Tloc           19%        N/A       9%          3
 Teleport Other           Tloc           19%        N/A       9%          3
 Sticky Flame             Conj/Fire      33%        2d5       10%         4


Dungeon Overview and Level Annotations

Branches:
Dungeon (6/15)
 Temple: D:4-7

Altars:
Qazlal
Uskayaw


Message History

The gnoll hits the ogre with a +0 club!
The ogre is killed!
Unknown command.
Unknown command.
The orc is engulfed in noxious fumes.
The orc appears confused.
The orc barely misses the gnoll.
The gnoll is engulfed in noxious fumes.
Unknown command.
You hit the gnoll. You burn the gnoll.
The gnoll is moderately wounded.
The orc is engulfed in noxious fumes.
The orc appears confused.
The gnoll is engulfed in noxious fumes.
The gnoll appears confused.
Unknown command.
You hit the gnoll but do no damage.
The gnoll is moderately wounded.
The gnoll is engulfed in noxious fumes.
The gnoll appears confused.
The gnoll is engulfed in noxious fumes.
The gnoll appears confused.
Unknown command.
You hit the gnoll. You burn the gnoll.
The gnoll is severely wounded.
The gnoll hits you with a +0 spear.
The orc is engulfed in noxious fumes.
The orc appears confused.
The orc hits the ogre with a +0 hand axe.
The ogre is engulfed in noxious fumes.
The gnoll is engulfed in noxious fumes.
The gnoll appears confused.
The gnoll hits the ogre with a +0 club!
Unknown command.
You hit the gnoll. You burn the gnoll.
The gnoll is severely wounded.
The gnoll hits the gnoll with a +0 spear.
The gnoll is killed!
The orc is engulfed in noxious fumes.
The orc appears confused.
The ogre is engulfed in noxious fumes.
The ogre appears confused.
Unknown command.
You hit the gnoll. You burn the gnoll.
You kill the gnoll!
Unknown command.
You barely miss the ogre.
The ogre is heavily wounded.
The ogre hits you with a +0 giant club!!
Ouch! That really hurt!
You die...

.........#####.. ......
......##+# .....⌠ ....###
..... ...## .... >..+ '()#
...## ##o.# .<..###
###).####.. ......###
####).))).....
.........##+##..@O#######.#
.........).......##
....##.#.#####...#### #####
.#.#####.)....#
#............#
#########....# # #....#####
# #........# # #.....##.#


You could see an ogre (confused) and an orc (confused).

Vanquished Creatures
  2 ogres
  A bullfrog (D:6)
  2 scorpions
  5 killer bees (D:5)
  A hound (D:6)
  2 jellies
  2 orc priests (D:5)
  2 gnoll boudas
  An orc wizard (D:5)
  23 gnolls
  4 adders
  A shadow imp (D:6)
  3 dart slugs (D:3)
  11 orcs
  4 ball pythons
  3 bats
  6 endoplasms
  2 giant cockroaches
  7 hobgoblins
  3 quokkas
  5 frilled lizards (D:1)
  7 goblins
  2 kobolds
  7 rats
106 creatures vanquished.

Vanquished Creatures (collateral kills)
  A black bear (D:5)
1 creature vanquished.

Grand Total: 107 creatures vanquished

Notes
Turn   | Place    | Note
-------+----------+-------------------------------------------
     0 | D:1      | pokeman the Deep Elf Hedge Wizard began the quest for the
                  | Orb.
     0 | D:1      | Reached XP level 1. HP: 10/10 MP: 7/7
   419 | D:1      | Reached XP level 2. HP: 16/16 MP: 7/9
   692 | D:1      | Reached skill level 5 in Spellcasting
   991 | D:1      | Reached XP level 3. HP: 20/20 MP: 4/11
   995 | D:1      | Learned a level 3 spell: Mephitic Cloud
   998 | D:1      | Learned a level 2 spell: Call Imp
  1001 | D:1      | Learned a level 2 spell: Blink
  1837 | D:2      | Found a faded altar of an unknown god.
  1857 | D:2      | Reached skill level 1 in Fighting
  1857 | D:2      | Reached skill level 1 in Armour
  2341 | D:3      | Reached XP level 4. HP: 25/25 MP: 10/13
  2564 | D:3      | Reached skill level 6 in Spellcasting
  2564 | D:3      | Reached XP level 5. HP: 3/29 MP: 8/15
  2674 | D:3      | Found a stormy altar of Qazlal.
  3564 | D:4      | You fall into a shaft and drop 2 floors!
  3681 | D:6      | Found a hide-covered altar of Uskayaw.
  3736 | D:6      | Reached XP level 6. HP: 11/34 MP: 13/17
  3873 | D:6      | Reached skill level 7 in Spellcasting
  3994 | D:5      | Entered Level 5 of the Dungeon
  4136 | D:4      | Reached XP level 7. HP: 32/38 MP: 17/20
  4146 | D:4      | Reached skill level 1 in Shields
  5208 | D:5      | Reached skill level 1 in Air Magic
  5208 | D:5      | Reached skill level 1 in Poison Magic
  5208 | D:5      | Reached skill level 1 in Evocations
  5213 | D:5      | Learned a level 4 spell: Flame Wave
  5285 | D:5      | Reached skill level 8 in Spellcasting
  5285 | D:5      | Reached skill level 1 in Fire Magic
  5297 | D:5      | Reached XP level 8. HP: 21/44 MP: 7/22
  5303 | D:5      | Reached skill level 9 in Spellcasting
  5315 | D:5      | Slain by an ogre

Illustrated notes

Levels and vault maps discovered:
D:1:      dpeg_arrival_water_fire, layout_basic
D:2:      layout_rooms, shapermc_ecumenical_altar_notcrosses
D:3:      layout_loops_ring, nicolae_overflow_crystal_walls,
          amcnicky_mini_rare_corridor_liquid
D:4:      layout_layer_cave
D:5:      layout_basic, lemuel_doored_altar, minmay_temple_entry_waves,
          serial_rivers, chequers_serial_rivers_micro_d,
          chequers_serial_rivers_room_b, chequers_serial_rivers_large_b,
          chequers_serial_rivers_large_a, chequers_serial_rivers_room_b,
          hangedman_decor_riveting, nicolae_zen_rock_garden,
          minmay_divided_ellipse
D:6:      layout_loops_ring, eat_drink_and_be_merry_uskayaw,
          minmay_strange_pillars, grunt_ministairs_2, minmay_manual_mess

Skill      XL: |  1  2  3  4  5  6  7  8 |
---------------+-------------------------+-----
Spellcasting   | 5 6 7 8 9 |  9.2
Fighting       | 1 2 |  2.0
Armour         | 1 |  1.3
Conjurations   | 2 3 4 |  4.7
Stealth        | 3 4 |  4.0
Dodging        | 3 4 |  4.1
Shields        | 1 |  1.0
Air Magic      | 1 |  1.0
Poison Magic   | 1 |  1.0
Evocations     | 1 |  1.0
Fire Magic     | 2 |  2.5
Summonings     | |  1.1
Translocations | |  1.1

Action                     |  1- 3 |  4- 6 |  7- 9 || total
---------------------------+-------+-------+-------++-------
  Melee: Long sword        |     2 |    20 |       ||    22
         Short sword       |       |    21 |    26 ||    47
         Punch             |       |     1 |       ||     1
   Cast: Magic Dart        |   105 |    91 |    27 ||   223
         Call Imp          |     2 |     1 |       ||     3
         Mephitic Cloud    |     1 |     8 |     8 ||    17
         Flame Wave        |       |       |     1 ||     1
   Stab: Confused          |       |     9 |     2 ||    11
 Armour: Robe              |     3 |    34 |    10 ||    47
  Dodge: Dodged            |     4 |    46 |    29 ||    79

Table legend: (Time is in decaauts)
 A = Elapsed time spent in this place.
 B = Non-inter-level travel time spent in this place.
 C = Inter-level travel time spent in this place.
 D = Time resting spent in this place.
 E = Time spent auto-exploring this place.
 F = Levels seen in this place.
 G = Mean time per level.
                   A        B        C        D        E       F      G
               +--------+--------+--------+--------+--------+-----+--------+
         Total |   5327 |   5204 |    123 |     57 |   4466 |   6 |  887.8 |
       Dungeon |   5327 |   5204 |    123 |     57 |   4466 |   6 |  887.8 |
               +--------+--------+--------+--------+--------+-----+--------+

Top non-repeatable levels by time:
     D:1: 1554 daAuts
     D:4: 1464 daAuts
     D:3: 970 daAuts
     D:2: 639 daAuts
     D:6: 429 daAuts
     D:5: 268 daAuts
